 Dungeon Crawl Stone Soup version 0.22.0-40-g68aacdc4c8 (webtiles) character file.

224 Peloso the Shield-Bearer (level 5, -2/47 HPs)
             Began as a Minotaur Fighter on Sept 1, 2018.
             Was an Initiate of Okawaru.
             Killed by divine providence
             ... invoked by an orc priest
              (9 damage)
             ... on level 4 of the Dungeon.
             The game lasted 00:06:32 (2828 turns).

Peloso the Shield-Bearer (Minotaur Fighter)         Turns: 2828, Time: 00:06:32

Health: -2/47      AC:  7    Str: 21    XL:     5   Next: 67%
Magic:  0/4        EV:  8    Int:  5    God:    Okawaru [......]
Gold:   174        SH: 11    Dex: 10    Spells: 4/4 levels left

rFire    . . .     SeeInvis .   a - +0 long sword
rCold    . . .     Gourm    .   c - +1 shield
rNeg     . . .     Faith    .   b - +0 scale mail
rPois    .         Spirit   +   (helmet restricted)
rElec    .         Reflect  .   o - scarf {Spirit}
rCorr    .         Harm     .   (no gloves)
MR       .....                  (no boots)
Stlth    ..........             (no amulet)
HPRegen  0.15/turn              (no ring)
MPRegen  0.09/turn              (no ring)

@: very slightly contaminated
A: retaliatory headbutt, horns 2
a: Renounce Religion


You were on level 4 of the Dungeon.
You worshipped Okawaru.
Okawaru was noncommittal.
You were very hungry.

You visited 1 branch of the dungeon, and saw 4 of its levels.

You collected 174 gold pieces.

Inventory:

Hand Weapons
 a - a +0 long sword (weapon)
Armour
 b - a +0 scale mail (worn)
 c - a +1 shield (worn)
 o - a scarf of spirit shield (worn)
Jewellery
 d - an uncursed ring of resist corrosion {unknown}
 p - an uncursed ring of resist corrosion {unknown}
Wands
 x - a wand of acid (8)
Scrolls
 g - a scroll of remove curse
 m - 2 scrolls of blinking
 q - a scroll of fog {unknown}
 r - a scroll of amnesia {unknown}
Potions
 h - a potion of agility
 s - a potion of berserk rage {unknown}
 t - 2 potions of flight {unknown}
 u - a potion of brilliance {unknown}
 v - a potion of mutation {unknown}
 w - a potion of heal wounds {unknown}
 z - a potion of haste {unknown}
Comestibles
 f - 8 rations


   Skills:
 + Level 4.8 Fighting
 + Level 4.1 Long Blades
 + Level 4.9 Armour
 + Level 0.5 Dodging
 + Level 0.1 Stealth
 + Level 5.1 Shields


You had 4 spell levels left.
You didn't know any spells.
Your spell library contained the following spells:

 Spells                   Type           Power        Failure   Level  Hunger
 Magic Dart               Conj           #...         99%         1    ##.....
 Searing Ray              Conj           #.....       100%        2    ###....
 Dazzling Spray           Conj/Hex       #.....       100%        3    ####...
 Force Lance              Conj/Tloc      #.......     100%        4    #####..
 Fulminant Prism          Conj/Hex       #.........   100%        4    #####..
 Iskenderun's Mystic Bla  Conj           #.......     100%        4    #####..


Dungeon Overview and Level Annotations

Branches:
Dungeon (4/15)
 Temple: D:4-7

Altars:
Dithmenos
Gozag
Okawaru
Uskayaw
Vehumet
Wu Jian


Innate Abilities, Weirdness & Mutations

You reflexively headbutt those who attack you in melee.
You have a pair of horns on your head.


Message History

Things that are here:
a spear; a gnoll corpse You hit the orc priest.
Your headbutt misses the orc priest.
The orc priest is lightly wounded.
You hear the slow hiss of a distant avalanche of sand.
You hear the slow rusting of a distant drain.
The orc priest hits you but does no damage.
You block the orc priest's attack.
You slash the orc priest!
The orc priest is severely wounded.
The orc priest hits you with a trident!
* * * LOW HITPOINT WARNING * * *
You block the orc priest's attack.
Unknown command.
You closely miss the orc priest. Your headbutt misses the orc priest.
The orc priest is severely wounded.
The orc priest hits you but does no damage.
The orc priest mumbles some strange prayers to Beogh against you.
Beogh smites you!
You die...

##### # ...##
##.####..## ###
.>........####.#####.#
#.#.........)........
#.#.<..####.#####. ..
#...## #o#####... #
.....## #@o.....#
#.##.## #####..... ..
... ... ## ..## # .. .


You could see 2 orc priests.

Vanquished Creatures
  A bullfrog zombie (D:3)
  An orc wizard (D:3)
  8 gnolls
  An adder (D:2)
  2 oozes
  3 worms
  4 orcs
  7 bats
  3 giant cockroaches
  9 goblins
  5 hobgoblins
  7 kobolds
  8 rats
59 creatures vanquished.

Notes
Turn   | Place    | Note
-------+----------+-------------------------------------------
     0 | D:1      | Peloso the Minotaur Fighter began the quest for the Orb.
     0 | D:1      | Reached XP level 1. HP: 19/19 MP: 0/0
   220 | D:1      | Reached XP level 2. HP: 24/27 MP: 1/1
   825 | D:2      | Reached skill level 4 in Shields
   857 | D:2      | Reached XP level 3. HP: 32/34 MP: 2/2
   890 | D:2      | Found an opulent altar of Gozag.
  1070 | D:2      | Reached XP level 4. HP: 29/41 MP: 3/3
  1811 | D:3      | Found a shadowy altar of Dithmenos.
  1875 | D:3      | Found an ornate altar of the Wu Jian Council.
  1968 | D:3      | Reached XP level 5. HP: 19/47 MP: 2/4
  2225 | D:3      | Found a radiant altar of Vehumet.
  2244 | D:3      | Reached skill level 5 in Shields
  2252 | D:3      | Found an iron altar of Okawaru.
  2315 | D:3      | Became a worshipper of Warmaster Okawaru
  2579 | D:3      | Found a hide-covered altar of Uskayaw.
  2828 | D:4      | Killed from afar by an orc priest

Skill      XL: |  1  2  3  4  5 |
---------------+----------------+-----
Fighting       | 4 |  4.8
Shields        | 4 5 |  5.1
Armour         | 4 |  4.9
Long Blades    | 3 4 |  4.1
Dodging        | |  0.5
Stealth        | |  0.1

Action                   |  1- 3 |  4- 6 || total
-------------------------+-------+-------++-------
Melee: Long sword        |    50 |    78 ||   128
       Headbutt          |    13 |    21 ||    34
  Use: Potion            |       |     2 ||     2
       Scroll            |       |     8 ||     8
  Eat: Chunk             |       |     5 ||     5
Armor: Scale mail        |    22 |    31 ||    53
Dodge: Dodged            |    25 |    28 ||    53
Block: Shield            |    34 |    50 ||    84
       Rpst.: Long sword |     9 |     6 ||    15
